[Event "Titled Tuesday Blitz March 28 Early 2023"]
[White "Semenova, Alina"]
[Black "Garrido, Denis"]
[WhiteFideId "24113875"]
[BlackFideId "601217"]
[WhiteElo "1833"]
[BlackElo "2262"]
[Result "0-1"]
[Round "10"]
[TimeControl "180+2"]
[Date "2023.03.28"]
[WhiteClock "0:01:30"]
[BlackClock "0:01:53"]

1. e4 c5 2. Nf3 Nc6 3. d4 cxd4 4. Nxd4 Nf6 5. Nc3 d6 6. f3 e5 7. Ndb5 a6 8. Na3 Be6 9. Bg5 Be7 10. Bxf6 Bxf6 11. Nd5 Bg5 12. c4 O-O 13. Nc2 f5 14. Bd3 fxe4 15. Bxe4 Kh8 16. O-O Rc8 17. Qd3 Ne7 18. b3 b5 19. cxb5 axb5 20. Nxe7 Qxe7 21. Qxb5 d5 22. Bd3 Rf6 23. Nb4 Be3+ 24. Kh1 Rh6 25. Nxd5 Rxh2+ 0-1


[Site "https://www.chess.com"]

[Event "Titled Tuesday Blitz March 28 Early 2023"]
[White "Ciuffoletti, Paolo"]
[Black "Lauridsen, Jesper Morch"]
[WhiteFideId "807630"]
[BlackFideId "1401890"]
[WhiteElo "2143"]
[BlackElo "2228"]
[Result "1-0"]
[Round "10"]
[TimeControl "180+2"]
[Date "2023.03.28"]
[WhiteClock "0:00:05"]
[BlackClock "0:00:13"]

1. e4 c5 2. d4 cxd4 3. c3 dxc3 4. Nxc3 Nc6 5. Nf3 e6 6. Bc4 a6 7. O-O Nge7 8. Bg5 f6 9. Bh4 b5 10. Bb3 Ng6 11. Bg3 h6 12. Nh4 Nxh4 13. Bxh4 Qe7 14. f4 g6 15. Rc1 Bb7 16. Nd5 exd5 17. exd5 Qe3+ 18. Kh1 Ne7 19. Bxf6 Rh7 20. d6 Qe4 21. Qd2 Qf5 22. dxe7 Qxf6 23. exf8=Q+ Kxf8 24. Qb4+ Re7 25. Rfe1 Re8 26. Rcd1 Qd4 27. Rxd4 a5 28. Qd6 Kg7 29. Rxe7+ 1-0


[Site "https://www.chess.com"]

[Event "Titled Tuesday Blitz March 28 Early 2023"]
[White "Clawitter, Craig"]
[Black "Better_Chess_Faster"]
[WhiteFideId "2023105"]
[WhiteElo "2226"]
[BlackElo "1989"]
[Result "0-1"]
[Round "10"]
[TimeControl "180+2"]
[Date "2023.03.28"]
[WhiteClock "0:00:06"]
[BlackClock "0:00:16"]

1. e4 c6 2. d4 d5 3. e5 c5 4. dxc5 e6 5. c4 Bxc5 6. cxd5 exd5 7. Nf3 Ne7 8. Bd3 Nbc6 9. O-O Bg4 10. Bf4 Ng6 11. Bg3 O-O 12. Re1 Re8 13. Nbd2 Ncxe5 14. Bxe5 Nxe5 15. Bxh7+ Kxh7 16. Qc2+ Ng6 17. Qxc5 Nf4 18. Qb4 Qf6 19. Qxb7 Rab8 20. Qxa7 Rxe1+ 21. Rxe1 Rxb2 22. h3 Nxh3+ 23. gxh3 Bxf3 24. Nxf3 Qxf3 25. Qe3 Qxe3 26. Rxe3 Rxa2 27. Re7 Kg6 28. Rd7 Rd2 29. Kf1 Kf6 30. Ke1 Rd4 31. Ke2 Ke6 32. Rd8 Rh4 33. Re8+ Kf6 34. Rd8 Rh5 35. Kf1 Ke7 36. Rg8 g6 37. Kg2 d4 38. Ra8 Rd5 39. Kf3 d3 40. Ra1 Kf6 41. Rd1 Kf5 42. Ke3 d2 43. Rxd2 Rxd2 44. Kxd2 Kg5 45. Ke3 Kh4 46. Kf4 Kxh3 47. Kg5 Kg2 48. Kf6 Kxf2 49. Kxf7 g5 0-1


[Site "https://www.chess.com"]

[Event "Titled Tuesday Blitz March 28 Early 2023"]
[White "Cnejev, Vladimir-Alexandru"]
[Black "Jaivardhan Raj"]
[WhiteFideId "1260898"]
[BlackFideId "25744437"]
[WhiteElo "2132"]
[BlackElo "1772"]
[Result "1-0"]
[Round "10"]
[TimeControl "180+2"]
[Date "2023.03.28"]
[WhiteClock "0:00:21"]
[BlackClock "0:00:48"]

1. Nf3 d5 2. b3 c5 3. Bb2 Nc6 4. e3 Qc7 5. Bb5 Bd7 6. d4 cxd4 7. Nxd4 Nxd4 8. Bxd7+ Qxd7 9. Bxd4 Nf6 10. Nd2 e6 11. Qc1 Bd6 12. Qb2 Qe7 13. Nf3 Ba3 14. Qb1 O-O 15. O-O Ne4 16. c4 g5 17. Rd1 g4 18. Nd2 e5 19. Bb2 Bxb2 20. Qxb2 Nxd2 21. Rxd2 dxc4 22. bxc4 f6 23. Rad1 Rad8 24. Rd5 b6 25. Qd2 Rxd5 26. cxd5 Qd6 27. e4 Kg7 28. Rc1 Rf7 29. Rc6 Qd7 30. Qc3 h5 31. h3 gxh3 32. gxh3 Kh7 33. Kh2 Kh6 34. Qe3+ Kh7 35. Qc3 Kh6 36. Qxe5 Kg7 37. Qg3+ Kh7 38. Qf3 Kg6 39. e5 Qe7 40. Rxf6+ Rxf6 41. Qxf6+ Qxf6 42. exf6 Kxf6 43. f4 a5 44. Kg3 b5 45. Kf3 a4 46. Ke3 b4 47. Kd3 Kf5 48. Kc4 b3 49. axb3 a3 50. Kc3 h4 51. b4 1-0


[Site "https://www.chess.com"]

[Event "Titled Tuesday Blitz March 28 Early 2023"]
[White "Lohani, Sujana"]
[Black "Sanchez, Robert"]
[WhiteFideId "12311987"]
[BlackFideId "2034360"]
[WhiteElo "1718"]
[BlackElo "2119"]
[Result "1-0"]
[Round "10"]
[TimeControl "180+2"]
[Date "2023.03.28"]
[WhiteClock "0:00:30"]
[BlackClock "0:01:56"]

1. d4 d5 2. Nf3 c6 3. c4 Nf6 4. e3 Bf5 5. Nc3 dxc4 6. Bxc4 e6 7. O-O Nbd7 8. Re1 Bg6 9. e4 Be7 10. Bg5 O-O 11. e5 Nd5 12. Bxe7 Qxe7 13. Ne4 Bxe4 14. Rxe4 Qb4 15. Qc2 N7b6 16. Bd3 g6 17. a3 Qe7 18. Qd2 Rfd8 19. Qh6 Qf8 20. Qf4 Qg7 21. Qg3 Rac8 22. Rh4 c5 23. Ng5 h6 24. Ne4 cxd4 25. Rg4 Nd7 26. Nd6 Nxe5 27. Nxc8 Nxg4 28. Nxa7 Ne5 29. Be4 f5 30. Bc2 d3 31. Bxd3 f4 32. Qh3 1-0


[Site "https://www.chess.com"]

[Event "Titled Tuesday Blitz March 28 Early 2023"]
[White "Hartikainen, Jarmo"]
[Black "Slayyy_200"]
[WhiteFideId "503134"]
[WhiteElo "2135"]
[BlackElo "2097"]
[Result "1-0"]
[Round "10"]
[TimeControl "180+2"]
[Date "2023.03.28"]
[WhiteClock "0:00:08"]
[BlackClock "0:00:03"]

1. e4 c5 2. c3 d5 3. exd5 Qxd5 4. d4 Nc6 5. Nf3 Bf5 6. Na3 e6 7. Be3 cxd4 8. Nb5 O-O-O 9. Nbxd4 Nxd4 10. Nxd4 Bc5 11. Qf3 Bxd4 12. Qxd5 Bxc3+ 13. bxc3 Rxd5 14. Bxa7 Nf6 15. Be2 Ne4 16. O-O Rhd8 17. Be3 Kb8 18. Rfc1 Rc8 19. c4 Ra5 20. h3 e5 21. f3 Nd6 22. g4 Be6 23. f4 Bxc4 24. fxe5 Bxe2 25. exd6 Rd8 26. Bf4 Ra4 27. Bg3 Ra3 28. Kf2 Bb5 29. Rc2 Bd7 30. Re1 Ra6 31. Re7 Rc6 32. Rxc6 Bxc6 33. Rxf7 Rd7 34. Rf8+ Ka7 35. Ke2 Kb6 36. Bf2+ Kb5 37. Bg3 Kc4 38. Rf4+ Kd5 39. Rb4 b5 40. Kd2 Kc5 41. Rb3 Bd5 42. Rc3+ Kb6 43. a3 Bc4 44. Bf2+ Kc6 45. Bg3 Kd5 46. Re3 Kd4 47. Re7 Rd8 48. Rxg7 Kc5 49. Rxh7 Kc6 50. g5 Rg8 51. h4 Bd5 52. Rc7+ Kb6 53. d7 Bb7 54. Rc3 Bc6 55. Ke2 Bxd7 56. Bf4 Bg4+ 57. Kf2 Rh8 58. Kg3 Bf5 59. Be3+ Kb7 60. Rc5 Bg6 61. Rxb5+ Kc7 62. a4 Ra8 63. a5 Ra6 64. Bf4+ Kd7 65. Kg4 Ke7 66. h5 Be8 67. Rb7+ Kf8 68. Bd2 Bf7 69. Kf5 Be6+ 70. Ke5 Bc8 71. Rb8 Rc6 72. a6 Rc5+ 73. Kd6 Rc2 74. a7 Rxd2+ 75. Ke5 Re2+ 76. Kf4 Rf2+ 77. Ke3 Ra2 78. a8=Q Rxa8 79. Rxa8 1-0


[Site "https://www.chess.com"]

[Event "Titled Tuesday Blitz March 28 Early 2023"]
[White "Dubov, Daniil"]
[Black "Bortnyk, Olexandr"]
[WhiteFideId "24126055"]
[BlackFideId "14120828"]
[WhiteElo "2802"]
[BlackElo "2734"]
[Result "1-0"]
[Round "11"]
[TimeControl "180+2"]
[Date "2023.03.28"]
[WhiteClock "0:00:17"]
[BlackClock "0:00:11"]

1. d4 d6 2. Nf3 Nf6 3. c4 g6 4. Nc3 Bf5 5. Bg5 Bg7 6. e3 c6 7. Bd3 Bxd3 8. Qxd3 Nbd7 9. O-O O-O 10. Rfd1 Re8 11. Qc2 Qc7 12. e4 e5 13. d5 cxd5 14. cxd5 Rec8 15. Qe2 a6 16. Rac1 Qb6 17. Be3 Qa5 18. Nd2 b5 19. a3 Rab8 20. Na2 Qa4 21. Nb4 Ra8 22. Nc6 Bf8 23. b3 Qxa3 24. Ra1 Qb2 25. Rdb1 Qc3 26. Rc1 Qb2 27. Qd1 a5 28. Rc2 Qxa1 29. Qxa1 a4 30. Ra2 Ng4 31. bxa4 Nxe3 32. fxe3 b4 33. a5 Nc5 34. Qb1 Rc7 35. Nc4 b3 36. Rb2 Rb7 37. Nb6 Ra6 38. Rxb3 Nxb3 39. Qxb3 Bh6 40. Kf2 Bg5 41. Qb5 Ra8 42. a6 Rxa6 43. Qxa6 Rc7 44. Qa8+ Kg7 45. Qb8 Rd7 46. Nxd7 1-0


[Site "https://www.chess.com"]

[Event "Titled Tuesday Blitz March 28 Early 2023"]
[White "Kramnik, Vladimir"]
[Black "Nakamura, Hikaru"]
[WhiteFideId "4101588"]
[BlackFideId "2016192"]
[WhiteElo "2712"]
[BlackElo "2879"]
[Result "0-1"]
[Round "11"]
[TimeControl "180+2"]
[Date "2023.03.28"]
[WhiteClock "0:00:07"]
[BlackClock "0:00:08"]

1. e4 c5 2. Nf3 Nc6 3. d4 cxd4 4. Nxd4 e5 5. Nb5 d6 6. N1c3 a6 7. Na3 Be6 8. Nc4 Rb8 9. Nd5 Bxd5 10. exd5 Nce7 11. Be2 Nf6 12. Ne3 g6 13. c4 h5 14. O-O Bh6 15. b4 O-O 16. Qb3 b6 17. Bb2 Nd7 18. Qa3 a5 19. bxa5 Nc5 20. Bc3 bxa5 21. Bxa5 Qd7 22. Bb4 Ra8 23. Qc3 Rfc8 24. a3 Qa7 25. Rae1 Ne4 26. Qd3 f5 27. Bd1 Nc5 28. Qe2 Qb6 29. Bc2 Qa6 30. Kh1 h4 31. Nd1 Nd7 32. Nb2 Bg7 33. Bb3 Nc5 34. Ba2 e4 35. Bb1 Re8 36. f3 Nc8 37. Bxc5 dxc5 38. fxe4 Nd6 39. Qf2 fxe4 40. Nd1 Qxc4 41. Ne3 Qd4 42. Qxh4 Rf8 43. Ng4 Rxf1+ 44. Rxf1 Rf8 45. Rxf8+ Bxf8 46. Qe1 c4 47. h3 c3 48. Bc2 Qd2 49. Qxd2 cxd2 50. a4 Nc4 51. Kg1 Nb2 52. a5 Kg7 53. a6 Bc5+ 54. Kf1 d1=Q+ 55. Bxd1 Nxd1 56. d6 Kf7 57. d7 Ke7 58. Ne5 Ne3+ 59. Ke2 Nxg2 60. a7 Nf4+ 61. Kf1 Bxa7 62. Nc6+ Kxd7 63. Nxa7 Kd6 64. Nb5+ Kc5 65. Nc3 Kd4 66. Nd1 e3 67. Ke1 Ke4 68. Nc3+ Kf3 69. Nb5 Nd3+ 70. Kd1 e2+ 0-1


[Site "https://www.chess.com"]

[Event "Titled Tuesday Blitz March 28 Early 2023"]
[White "Gholami Orimi, Mahdi"]
[Black "Vachier-Lagrave, Maxime"]
[WhiteFideId "12558486"]
[BlackFideId "623539"]
[WhiteElo "2363"]
[BlackElo "2740"]
[Result "0-1"]
[Round "11"]
[TimeControl "180+2"]
[Date "2023.03.28"]
[WhiteClock "0:00:16"]
[BlackClock "0:00:23"]

1. d4 Nf6 2. c4 e6 3. Nc3 Bb4 4. Qc2 c5 5. dxc5 O-O 6. Nf3 Bxc5 7. Bg5 h6 8. Bh4 Nc6 9. e3 Be7 10. Be2 d5 11. Rd1 Qa5 12. O-O dxc4 13. Bxc4 g5 14. Bg3 Bd7 15. Ne4 Rad8 16. Nd6 Qb6 17. Qb3 Na5 18. Qxb6 axb6 19. Be2 Nd5 20. Ne4 Ba4 21. Rc1 Bc6 22. Ne5 Nf4 23. exf4 Bxe4 24. fxg5 hxg5 25. Nc4 Nxc4 26. Rxc4 Bd5 27. Rc7 Bc5 28. a3 Bc6 29. b4 Bd4 30. h4 gxh4 31. Bxh4 Ra8 32. b5 Bd5 33. Bf3 Bxf3 34. gxf3 Rfc8 35. Rxb7 Rxa3 36. Kg2 Rb3 37. Rd7 Bg7 38. Rb7 Rxb5 39. Rd1 Rh5 40. Bg3 b5 41. Rdd7 Rf5 42. Rb6 Bf8 43. Rdb7 b4 44. Rb5 Rxb5 45. Rxb5 f6 46. Rb7 Rc4 47. Bc7 Be7 48. Ba5 Kf8 49. Rb8+ Kf7 50. Rb7 Rd4 51. Bb6 Rd5 52. Bc7 Rd7 53. f4 f5 54. Ra7 b3 55. Rb7 b2 56. Rxb2 Rxc7 57. Rb3 Bd6 58. Kg3 Rc4 59. Rf3 Kf6 60. Kg2 Rxf4 61. Rh3 Be5 62. Kg3 Rg4+ 63. Kf3 Rg6 64. Rh8 Bd6 65. Rd8 Be7 66. Ra8 Rg4 67. Rh8 e5 68. Rh6+ Rg6 69. Rh8 e4+ 70. Ke3 Bc5+ 71. Ke2 Rg2 72. Rh6+ Ke5 73. Rc6 Rxf2+ 74. Ke1 Bd4 75. Ra6 e3 76. Ra5+ Ke4 77. Kd1 e2+ 78. Ke1 Bc3+ 79. Kxf2 Bxa5 80. Kxe2 f4 81. Kf1 f3 82. Kf2 Kf4 83. Kf1 Ke3 84. Kg1 Ke2 85. Kh1 Bc7 86. Kg1 f2+ 87. Kg2 f1=Q# 0-1


[Site "https://www.chess.com"]

[Event "Titled Tuesday Blitz March 28 Early 2023"]
[White "Giri, Anish"]
[Black "Martinez Alcantara, Jose Eduardo"]
[WhiteFideId "24116068"]
[BlackFideId "3805662"]
[WhiteElo "2807"]
[BlackElo "2712"]
[Result "0-1"]
[Round "11"]
[TimeControl "180+2"]
[Date "2023.03.28"]
[WhiteClock "0:00:03"]
[BlackClock "0:00:07"]

1. e4 c5 2. Nf3 d6 3. d4 cxd4 4. Nxd4 Nf6 5. Nc3 a6 6. h3 e5 7. Nf3 Be7 8. g4 Be6 9. g5 Nfd7 10. Be3 Nb6 11. Qd2 N8d7 12. h4 Rc8 13. h5 Nc4 14. Bxc4 Rxc4 15. b3 Rc8 16. O-O-O Bg4 17. Nh4 Qa5 18. Kb2 Bxd1 19. Rxd1 g6 20. Nf3 Rc6 21. h6 Nf8 22. Qd3 Ne6 23. Nd5 Qd8 24. Nb4 Rc8 25. Nd5 Nc5 26. Bxc5 Rxc5 27. Qe3 Qc8 28. c3 Bd8 29. Nh2 O-O 30. Rg1 f5 31. gxf6 Bxf6 32. Ng4 Bd8 33. f3 Qe6 34. Rd1 Qf7 35. Rd3 Rc6 36. Qd2 a5 37. a4 Qe6 38. b4 axb4 39. cxb4 Rc4 40. Kb3 Rc8 41. Qe2 Kh8 42. Ka3 Bg5 43. Qd1 Ra8 44. Kb3 Rfc8 45. Ka3 Qd7 46. Nb6 Qc6 47. Nxc8 Rxc8 48. Ka2 Qc4+ 49. Qb3 Qc1 50. Ne3 Bxe3 0-1


[Site "https://www.chess.com"]

[Event "Titled Tuesday Blitz March 28 Early 2023"]
[White "Alekseenko, Kirill"]
[Black "Firouzja, Alireza"]
[WhiteFideId "4135539"]
[BlackFideId "12573981"]
[WhiteElo "2683"]
[BlackElo "2904"]
[Result "1-0"]
[Round "11"]
[TimeControl "180+2"]
[Date "2023.03.28"]
[WhiteClock "0:01:02"]
[BlackClock "0:00:08"]

1. d4 Nf6 2. Nc3 d5 3. Bf4 g6 4. e3 Bg7 5. Nb5 Na6 6. h4 h5 7. Nf3 O-O 8. Ne5 Bf5 9. c3 c6 10. Na3 Nc7 11. Nb1 Ne6 12. Bh2 c5 13. Nd2 cxd4 14. exd4 Bh6 15. Bd3 Bxd3 16. Nxd3 Ng4 17. Bg3 Ng7 18. Bf4 Bxf4 19. Nxf4 Re8 20. Nf3 Qd6 21. Nd3 f6 22. Qb3 e5 23. dxe5 fxe5 24. Nb4 e4 25. Ng5 Rad8 26. O-O-O Re5 27. Nxd5 Rxd5 28. Rxd5 Qf4+ 29. Kb1 1-0


[Site "https://www.chess.com"]

[Event "Titled Tuesday Blitz March 28 Early 2023"]
[White "Bluebaum, Matthias"]
[Black "Durarbayli, Vasif"]
[WhiteFideId "24651516"]
[BlackFideId "13402935"]
[WhiteElo "2638"]
[BlackElo "2543"]
[Result "0-1"]
[Round "11"]
[TimeControl "180+2"]
[Date "2023.03.28"]
[WhiteClock "0:00:52"]
[BlackClock "0:01:12"]

1. d4 Nf6 2. c4 e6 3. Nc3 Bb4 4. e3 O-O 5. Bd2 d6 6. Bd3 e5 7. Nge2 Re8 8. O-O Nc6 9. a3 Bxc3 10. Bxc3 e4 11. Bc2 Bg4 12. h3 Bh5 13. b4 Ne7 14. d5 Ng6 15. Re1 Nh4 16. Qb1 Nxg2 17. Kxg2 Bf3+ 18. Kg1 Ng4 19. hxg4 Qh4 20. Ng3 Qh3 21. Bxe4 Qg2# 0-1


[Site "https://www.chess.com"]

[Event "Titled Tuesday Blitz March 28 Early 2023"]
[White "So, Wesley"]
[Black "Ivic, Velimir"]
[WhiteFideId "5202213"]
[BlackFideId "950122"]
[WhiteElo "2739"]
[BlackElo "2563"]
[Result "1-0"]
[Round "11"]
[TimeControl "180+2"]
[Date "2023.03.28"]
[WhiteClock "0:00:32"]
[BlackClock "0:00:03"]

1. d4 d5 2. Nf3 Nf6 3. Bf4 c5 4. e3 e6 5. Nbd2 Qb6 6. Rb1 Bd6 7. c3 Bxf4 8. exf4 cxd4 9. Nxd4 O-O 10. Bd3 Qc7 11. g3 e5 12. fxe5 Qxe5+ 13. Qe2 Qd6 14. O-O Nc6 15. N4f3 Bh3 16. Rfe1 Rfe8 17. Qd1 Rxe1+ 18. Qxe1 Re8 19. Qd1 h6 20. Qa4 Bd7 21. Qb3 Ne4 22. Qc2 Nc5 23. a3 Qf6 24. Re1 Rxe1+ 25. Nxe1 d4 26. c4 Ne5 27. Bf1 Bc6 28. b4 d3 29. Qd1 Ne4 30. b5 Nxd2 31. bxc6 Ne4 32. Nxd3 Nxd3 33. Qxd3 Qxf2+ 34. Kh1 Qe1 35. cxb7 Nf2+ 36. Kg2 Nxd3 37. b8=Q+ Kh7 38. Bxd3+ g6 39. Qf4 1-0


[Site "https://www.chess.com"]

[Event "Titled Tuesday Blitz March 28 Early 2023"]
[White "Erigaisi Arjun"]
[Black "Anton Guijarro, David"]
[WhiteFideId "35009192"]
[BlackFideId "2285525"]
[WhiteElo "2737"]
[BlackElo "2618"]
[Result "1-0"]
[Round "11"]
[TimeControl "180+2"]
[Date "2023.03.28"]
[WhiteClock "0:00:07"]
[BlackClock "0:00:06"]

1. b3 d5 2. Bb2 Bf5 3. d3 e6 4. Nd2 Nf6 5. g3 h6 6. Bg2 a5 7. e4 Bh7 8. a3 Bc5 9. exd5 exd5 10. Qe2+ Kf8 11. Nh3 c6 12. O-O Nbd7 13. Rae1 Bf5 14. Nf4 Kg8 15. c4 d4 16. Nf3 Qb6 17. Qc2 Rd8 18. h3 Kh7 19. Nh4 Bg6 20. Nhxg6 fxg6 21. Ne6 Rde8 22. f4 Re7 23. Nxc5 Qxc5 24. Qf2 Rhe8 25. Rxe7 Rxe7 26. Qxd4 Re2 27. Rf2 Re1+ 28. Kh2 Qe7 29. Bf3 Nc5 30. b4 axb4 31. axb4 Na4 32. c5 Nxb2 33. Qxb2 Re3 34. Qd4 h5 35. Kg2 Re1 36. g4 hxg4 37. hxg4 Qe6 38. Kh3 Nxg4 39. Bxg4 Rh1+ 40. Kg2 Qe1 41. Kf3 Qd1+ 42. Re2 Rf1+ 43. Ke4 Rg1 44. Rh2+ Kg8 45. Bxd1 1-0


[Site "https://www.chess.com"]

[Event "Titled Tuesday Blitz March 28 Early 2023"]
[White "Andreikin, Dmitry"]
[Black "Demchenko, Anton"]
[WhiteFideId "4158814"]
[BlackFideId "4160258"]
[WhiteElo "2736"]
[BlackElo "2545"]
[Result "1-0"]
[Round "11"]
[TimeControl "180+2"]
[Date "2023.03.28"]
[WhiteClock "0:00:07"]
[BlackClock "0:00:06"]

1. c4 e5 2. e3 d6 3. d4 Nd7 4. Nf3 Ngf6 5. Nc3 c6 6. b3 e4 7. Nd2 d5 8. g4 h6 9. h4 Nb6 10. Rg1 Be6 11. Bb2 h5 12. g5 Ng4 13. Be2 f6 14. Qc2 fxg5 15. hxg5 Rc8 16. O-O-O Be7 17. Ndxe4 dxe4 18. Nxe4 Qd7 19. Nc5 Qd6 20. Bd3 Bxg5 21. Ne4 Qe7 22. Nxg5 Qxg5 23. f3 O-O 24. fxg4 Bxg4 25. Rde1 Rf3 26. Kb1 Rcf8 27. e4 Rf2 28. Qc3 Qd2 29. Rc1 R8f3 30. Qxd2 Rxd2 31. Bc2 Rff2 32. d5 Nd7 33. e5 Rxc2 34. Rxc2 Bf5 35. e6 Rxc2 36. Rxg7+ Kf8 37. Rf7+ Ke8 38. Rxf5 Rh2 39. exd7+ Kxd7 40. Be5 Rh1+ 41. Kc2 cxd5 42. cxd5 h4 43. Rf7+ Ke8 44. Rxb7 h3 45. Rh7 Re1 46. Bc3 Re2+ 47. Kd3 Rxa2 48. Rxh3 Kd7 49. Be5 Ra3 50. Rh7+ Ke8 51. Kc4 Ra2 52. d6 1-0


[Site "https://www.chess.com"]

[Event "Titled Tuesday Blitz March 28 Early 2023"]
[White "Le, Tuan Minh"]
[Black "Sjugirov, Sanan"]
[WhiteFideId "12401153"]
[BlackFideId "4189302"]
[WhiteElo "2558"]
[BlackElo "2569"]
[Result "1-0"]
[Round "11"]
[TimeControl "180+2"]
[Date "2023.03.28"]
[WhiteClock "0:00:05"]
[BlackClock "0:00:02"]

1. d4 Nf6 2. Nf3 c5 3. c3 cxd4 4. cxd4 d5 5. Nc3 Nc6 6. Bf4 a6 7. Rc1 Bf5 8. e3 e6 9. Qb3 Bb4 10. Be2 O-O 11. O-O Rc8 12. Na4 b5 13. Nc5 Bxc5 14. Rxc5 Nd7 15. Rcc1 Nb6 16. Qd1 f6 17. h3 Qd7 18. b3 Ne7 19. Qd2 Rxc1 20. Rxc1 Rc8 21. Rc5 Qb7 22. Bd6 Nc6 23. Nh4 Bg6 24. Nxg6 hxg6 25. Qc2 Nd7 26. Rc3 Kf7 27. Bd3 f5 28. Qc1 Na7 29. Bc7 Nf6 30. a4 Ne8 31. Bf4 Rxc3 32. Qxc3 bxa4 33. bxa4 Nc6 34. Qc5 Nf6 35. f3 Nd7 36. Qd6 Nf6 37. Kh2 Ne8 38. Qc5 Nf6 39. Bd6 Nd7 40. Qc2 Qb6 41. Bf4 Qb7 42. Qe2 Nb4 43. Bb1 Qc6 44. Qd2 a5 45. Bd3 Qxa4 46. Bf1 Qc6 47. Qf2 Nf6 48. Be5 Nd7 49. Bf4 a4 50. Qb2 Qb6 51. Qa3 Qa5 52. Bg3 Nc2 53. Qc1 1-0


[Site "https://www.chess.com"]

[Event "Titled Tuesday Blitz March 28 Early 2023"]
[White "Lazavik, Denis"]
[Black "Drygalov, Andrey"]
[WhiteFideId "13515110"]
[BlackFideId "24171735"]
[WhiteElo "2560"]
[BlackElo "2471"]
[Result "1-0"]
[Round "11"]
[TimeControl "180+2"]
[Date "2023.03.28"]
[WhiteClock "0:02:10"]
[BlackClock "0:00:39"]

1. d4 Nf6 2. c4 e6 3. Nf3 d5 4. g3 Bb4+ 5. Bd2 Be7 6. Bg2 O-O 7. O-O Nbd7 8. Qc2 c6 9. Bf4 b6 10. cxd5 cxd5 11. Rc1 Ba6 12. Nc3 Nh5 13. e3 Nxf4 14. exf4 Bb7 15. Re1 Rc8 16. f5 exf5 17. Qxf5 Nf6 18. Ne5 Bb4 19. Re3 Bxc3 20. bxc3 Ne4 21. Rc1 f6 22. Qe6+ Kh8 23. Nf7+ Rxf7 24. Qxf7 Rc7 25. Qh5 g6 26. Qe2 Kg7 27. Re1 Qd6 28. c4 f5 29. f3 Ng5 30. Re7+ Nf7 31. Rxc7 Qxc7 32. f4 dxc4 33. Bxb7 Qxb7 34. Qxc4 Nd6 35. Qd3 Ne4 36. d5 Qd7 37. Qd4+ Kh6 38. d6 b5 39. g4 1-0


[Site "https://www.chess.com"]

[Event "Titled Tuesday Blitz March 28 Early 2023"]
[White "Duda, Jan-Krzysztof"]
[Black "Shimanov, Aleksandr"]
[WhiteFideId "1170546"]
[BlackFideId "4198603"]
[WhiteElo "2790"]
[BlackElo "2631"]
[Result "1/2-1/2"]
[Round "11"]
[TimeControl "180+2"]
[Date "2023.03.28"]
[WhiteClock "0:00:05"]
[BlackClock "0:00:05"]

1. d4 Nf6 2. c4 g6 3. g3 Bg7 4. Bg2 O-O 5. e4 d6 6. Nc3 c5 7. Nge2 Nc6 8. d5 Na5 9. b3 a6 10. a4 e6 11. O-O exd5 12. exd5 Bf5 13. h3 h5 14. Bg5 Qd7 15. Kh2 Rfe8 16. Ra2 b6 17. f3 Nh7 18. Bd2 Be5 19. Ne4 h4 20. Bc3 hxg3+ 21. N4xg3 Bxc3 22. Nxc3 Re3 23. Nce4 Rxb3 24. Nxf5 Qxf5 25. f4 Rd8 26. Re2 Nf6 27. Ng3 Qd3 28. Qe1 Qc3 29. Qf2 Nxc4 30. Rfe1 Qd4 31. Ne4 Qxf2 32. Nxf2 b5 33. axb5 axb5 34. Re7 b4 35. Ng4 Nxg4+ 36. hxg4 Kg7 37. g5 Ne3 38. R1xe3 Rxe3 39. Rxe3 c4 40. Bf1 c3 41. Bd3 b3 42. Bc2 Rc8 43. Bxb3 c2 44. Bxc2 Rxc2+ 45. Kg3 Rd2 46. Re8 Rxd5 47. Rd8 Rd3+ 48. Kf2 d5 49. Ke2 Rd4 50. Ke3 Rd1 51. Ke2 Rd4 52. Kf3 f5 53. Rd7+ Kf8 54. Ke3 Re4+ 55. Kf3 d4 56. Kg3 Re3+ 57. Kf2 Rd3 58. Ke2 Re3+ 59. Kf2 Re4 60. Kg3 Kg8 61. Kf3 Re3+ 62. Kf2 Re4 63. Kg3 Kf8 64. Kf3 Ke8 65. Rd6 Kf7 66. Rf6+ Kg7 67. Rd6 Re3+ 68. Kf2 Re4 69. Kg3 Re3+ 70. Kh4 Re4 71. Kg3 Re3+ 72. Kh4 d3 73. Rxd3 Rxd3 1/2-1/2


[Site "https://www.chess.com"]

[Event "Titled Tuesday Blitz March 28 Early 2023"]
[White "Samant Aditya S"]
[Black "Sadhwani, Raunak"]
[WhiteFideId "35080580"]
[BlackFideId "35093487"]
[WhiteElo "2362"]
[BlackElo "2631"]
[Result "0-1"]
[Round "11"]
[TimeControl "180+2"]
[Date "2023.03.28"]
[WhiteClock "0:00:01"]
[BlackClock "0:00:10"]

1. e4 g6 2. d4 Bg7 3. Nc3 d6 4. Be3 c6 5. a4 Nf6 6. h3 O-O 7. Nf3 Nbd7 8. a5 e5 9. dxe5 dxe5 10. Qd6 Re8 11. Bc4 Bf8 12. Qd3 h6 13. O-O Qe7 14. Qe2 Nh5 15. Rfd1 Qf6 16. Nh2 Nf4 17. Qf3 h5 18. g3 Nxh3+ 19. Kg2 Qxf3+ 20. Nxf3 Nf6 21. Rh1 Ng4 22. Rxh3 Nxe3+ 23. fxe3 Bxh3+ 24. Kxh3 Bh6 25. Rf1 Kg7 26. Ne1 Re7 27. Rf3 b5 28. axb6 axb6 29. Nd3 f6 30. Bb3 Ra1 31. Kg2 Bg5 32. Nb4 Rc7 33. Nd3 Rd7 34. Nb4 Rd2+ 35. Rf2 Rd6 36. Nd3 Bxe3 37. Rf3 Bd4 38. Ne2 Rd1 39. c3 Rd2 40. cxd4 Rxe2+ 41. Kf1 Rd2 42. Ke1 Rg2 43. dxe5 fxe5 44. Nxe5 Rd4 45. Nxc6 Rxe4+ 46. Kf1 Rxb2 47. Bd5 Ra4 48. Rf7+ Kh6 49. Re7 Rd2 50. Bf3 Ra3 51. Ne5 Ra1+ 0-1


[Site "https://www.chess.com"]

[Event "Titled Tuesday Blitz March 28 Early 2023"]
[White "Vidit, Santosh Gujrathi"]
[Black "Sasikiran, Krishnan"]
[WhiteFideId "5029465"]
[BlackFideId "5004985"]
[WhiteElo "2651"]
[BlackElo "2567"]
[Result "1-0"]
[Round "11"]
[TimeControl "180+2"]
[Date "2023.03.28"]
[WhiteClock "0:00:18"]
[BlackClock "0:00:47"]

1. e4 c5 2. Nf3 d6 3. d4 cxd4 4. Nxd4 Nf6 5. Nc3 a6 6. Be3 e5 7. Nb3 Be6 8. f3 h5 9. Qd2 Nbd7 10. Nd5 Bxd5 11. exd5 g6 12. O-O-O Nb6 13. Kb1 Nbxd5 14. Bg5 Be7 15. Bd3 Qc7 16. c4 Nb6 17. Rc1 Nbd7 18. Na5 b6 19. Nb3 a5 20. Qe2 a4 21. Nd2 Nc5 22. Bxf6 Bxf6 23. Ne4 Be7 24. Nc3 Ne6 25. Nd5 Qd8 26. Be4 Rb8 27. Rcd1 a3 28. b3 O-O 29. g4 h4 30. Qd3 Kg7 31. Nxe7 Qxe7 32. Qxd6 Qf6 33. Qxa3 Nc5 34. Bd5 Rfd8 35. Rhe1 Ne6 36. Qb2 Nd4 37. Rd3 b5 38. Ree3 h3 39. Qf2 bxc4 40. Bxc4 Rdc8 41. Rc3 Qf4 42. Re4 Qf6 43. Qe3 Rd8 44. Rxe5 Nxf3 45. Qxf3 Qxe5 46. Qxf7+ Kh6 47. g5+ Kxg5 48. Rg3+ Qxg3 49. hxg3 Rf8 50. Qe7+ Kg4 51. Qh4+ Kf3 52. Qxh3 1-0


[Site "https://www.chess.com"]

[Event "Titled Tuesday Blitz March 28 Early 2023"]
[White "Rustemov, Alexander"]
[Black "Sarana, Alexey"]
[WhiteFideId "4119002"]
[BlackFideId "24133795"]
[WhiteElo "2870"]
[BlackElo "2714"]
[Result "0-1"]
[Round "11"]
[TimeControl "180+2"]
[Date "2023.03.28"]
[WhiteClock "0:00:02"]
[BlackClock "0:00:17"]

1. d4 Nf6 2. c4 e6 3. Nf3 d5 4. cxd5 exd5 5. Bg5 h6 6. Bh4 Bb4+ 7. Nbd2 c6 8. e3 g5 9. Bg3 Bf5 10. a3 Be7 11. h4 g4 12. Ne5 Nbd7 13. h5 Nxe5 14. Bxe5 Qd7 15. Qb3 Rg8 16. Bd3 Rg5 17. Bf4 Bxd3 18. Qxd3 Rxh5 19. Rxh5 Nxh5 20. Bxh6 Qe6 21. Qh7 O-O-O 22. O-O-O Bf6 23. Bf4 Nxf4 24. exf4 Bxd4 25. f5 Qf6 26. b4 Rh8 0-1


[Site "https://www.chess.com"]

[Event "Titled Tuesday Blitz March 28 Early 2023"]
[White "Wei, Yi"]
[Black "demon64fields"]
[WhiteFideId "8603405"]
[WhiteElo "2686"]
[BlackElo "2861"]
[Result "1-0"]
[Round "11"]
[TimeControl "180+2"]
[Date "2023.03.28"]
[WhiteClock "0:00:28"]
[BlackClock "0:00:03"]

1. b3 Nf6 2. Bb2 d5 3. Nf3 Bg4 4. e3 Nbd7 5. c4 e6 6. h3 Bh5 7. Nc3 c6 8. g4 Bg6 9. Nh4 a5 10. Nxg6 hxg6 11. Bg2 Bd6 12. g5 Nh5 13. h4 Qe7 14. a3 f6 15. Qc2 f5 16. Ne2 Kf7 17. f4 b5 18. Kf2 a4 19. cxd5 cxd5 20. b4 Rac8 21. Qd1 Nb6 22. Nd4 e5 23. Nxb5 exf4 24. Bd4 fxe3+ 25. dxe3 Bg3+ 26. Kg1 Nd7 27. Bxd5+ Kf8 28. Rc1 Rd8 29. Rc6 f4 30. Qf3 Bxh4 31. Rxh4 Qxg5+ 32. Rg4 Qf5 33. e4 Ne5 34. exf5 Nxf3+ 35. Bxf3 gxf5 36. Rh4 1-0


[Site "https://www.chess.com"]